 Dungeon Crawl Stone Soup version 0.30-a0-799-g109b55a442 (webtiles) character file.

Game seed: 1041172832989682122

24595 Pooter the Basher (level 12, -26/108 HPs)
             Began as a Minotaur Monk on Feb 20, 2023.
             Was a Priest of Makhleb.
             Annihilated by a reaper
             ... wielding a +0 scythe of freezing
              (34 damage)
             ... in an ice cave.
             The game lasted 01:38:30 (14471 turns).

Pooter the Basher (Minotaur Monk)                  Turns: 14471, Time: 01:38:31

Health: -26/108    AC: 26    Str: 23    XL:     12   Next: 82%
Magic:  26/26      EV:  8    Int:  7    God:    Makhleb [***...]
Gold:   577        SH:  0    Dex: 13    Spells: 10/11 levels left

rFire   + . .      SeeInvis .    a - +10 executioner's axe of the Dead {freeze, +Blink rElec rN+ Will-}
rCold   . . .      Faith    .    (shield currently unavailable)
rNeg    + + .      Spirit   .    c - +6 plate armour {rF+}
rPois   .          Reflect  .    v - +1 hat
rElec   +          Harm     .    E - +0 cloak
rCorr   .          Rampage  .    (no gloves)
Will    .....                    g - +0 pair of boots Stlth
                                 M - amulet of Roenu {rN+ Will+ Regen+ MP+9}
HPRegen 1.18/turn                U - ring of the Tempest {Str+2 Slay+4}
MPRegen 0.20/turn                f - +4 ring of protection

@: very slow
A: horns 2, retaliatory headbutt
a: Renounce Religion, Evoke Blink, Minor Destruction, Lesser Servant of Makhleb


You were in an ice cave.
You worshipped Makhleb.
Makhleb was most pleased with you.
You visited 2 branches of the dungeon, and saw 14 of its levels.
You also visited: Ice Cave.

You collected 1091 gold pieces.
You spent 514 gold pieces at shops.

Inventory:

Hand Weapons
 a - the +10 executioner's axe of the Dead (weapon) {freeze, +Blink rElec rN+ Will-}
   (You acquired it on level 4 of the Lair of Beasts)

   rElec:     It insulates you from electricity.
   rN:        It protects you from negative energy.
   +Blink:    It lets you blink.
   Will:      It decreases your willpower.
 b - a +0 arbalest
   (You bought it in a shop on level 8 of the Dungeon)
 m - a +0 heavy trident
   (You found it on level 1 of the Lair of Beasts)
 p - a +6 battleaxe of flaming
   (You took it off a wight on level 9 of the Dungeon)
 s - the +3 great mace "Suastrache" {elec, rN+}
   (You acquired it on level 6 of the Dungeon)

   rN:        It protects you from negative energy.
 P - a +1 demon whip of venom
   (You took it off Amaemon on level 9 of the Dungeon)
Missiles
 l - 30 poisoned darts (quivered)
 H - 7 throwing nets {!f}
 O - 2 boomerangs
 Q - 158 stones
Armour
 c - a +6 plate armour of fire resistance (worn)
   (You found it on level 5 of the Dungeon)
 g - a +0 pair of boots (worn)
   (You found it on level 1 of the Dungeon)
 v - a +1 hat (worn)
   (You found it on level 2 of the Dungeon)
 E - a +0 cloak (worn)
   (You found it on level 7 of the Dungeon)
Jewellery
 f - a +4 ring of protection (right hand)
   (You found it on level 4 of the Dungeon)
 y - a ring of flight
   (You found it on level 4 of the Dungeon)
 G - an amulet of guardian spirit
   (You took it off Grum on level 8 of the Dungeon)
 M - the amulet of Roenu (around neck) {rN+ Will+ Regen+ MP+9}
   (You acquired it on level 9 of the Dungeon)

   [amulet of regeneration]

   rN:        It protects you from negative energy.
   MP:        It affects your magic capacity (+9).
   Regen:     It increases your rate of health regeneration.
   Will:      It increases your willpower.
 R - an amulet of the acrobat
   (You found it on level 10 of the Dungeon)
 S - a ring of see invisible
   (You found it on level 3 of the Dungeon)
 U - the ring of the Tempest (left hand) {Str+2 Slay+4}
   (You acquired it on level 4 of the Lair of Beasts)

   [ring of slaying]

   Str:       It affects your strength (+2).
   Slay:      It affects your accuracy & damage with ranged weapons and melee
   (+4).
 W - a ring of wizardry
   (You found it on level 8 of the Dungeon)
Wands
 d - a wand of iceblast (3)
   (You took it off Ijyb on level 4 of the Dungeon)
 A - a wand of charming (8)
   (You found it on level 5 of the Dungeon)
 D - a wand of digging (2)
   (You took it off a gnoll on level 9 of the Dungeon)
 F - a wand of polymorph (12)
   (You found it on level 6 of the Dungeon)
Scrolls
 e - 4 scrolls of noise {!r}
 h - 3 scrolls of vulnerability {!r}
 k - 4 scrolls of fear
 t - 8 scrolls of teleportation {@r4}
 x - 6 scrolls of poison {!r}
 z - a scroll of immolation {!r}
 J - 5 scrolls of blinking
Potions
 j - 3 potions of mutation {!q}
 n - 6 potions of curing {@q1}
 o - 2 potions of flight
 q - 3 potions of cancellation
 r - a potion of might {unknown}
 w - 2 potions of ambrosia
 B - a potion of berserk rage {unknown}
 C - 2 potions of heal wounds {@q2}
 I - a potion of haste {@q3}
 K - 2 potions of lignification {!q}
 N - 2 potions of attraction {!q}


   Skills:
 + Level 10.6 Fighting
 + Level 5.7(10.4) Axes
 * Level 13.4(13.9) Maces & Flails
 * Level 10.4 Ranged Weapons
 + Level 7.0 Armour
 - Level 3.2 Dodging
 - Level 4.3 Stealth
 + Level 2.2 Translocations
 + Level 8.1 Invocations
 + Level 6.2 Evocations


You had 10 spell levels left.
You knew the following spells:

 Your Spells              Type           Power      Damage    Failure   Level
c - Apportation           Tloc           6%         N/A       96%         1

Your spell library contained the following spells:

 Spells                   Type           Power      Damage    Failure   Level
 Freeze                   Ice            0%         1d3       100%        1
 Magic Dart               Conj           0%         1d3       100%        1
 Necrotise                Necr           0%         1d4       100%        1
 Slow                     Hex            0%         N/A       100%        1
 Sting                    Tmut/Pois      0%         1d3       100%        1
 Summon Small Mammal      Summ           0%         N/A       100%        1
 Call Imp                 Summ           0%         N/A       100%        2
 Ensorcelled Hibernation  Hex/Ice        0%         N/A       100%        2
 Passwall                 Tmut/Erth      0%         N/A       100%        2
 Poisonous Vapours        Pois/Air       0%         N/A       100%        2
 Static Discharge         Conj/Air       0%         2-2/arc   100%        2
 Call Canine Familiar     Summ           0%         N/A       100%        3
 Confusing Touch          Hex            0%         N/A       100%        3
 Frozen Ramparts          Ice            0%         1d1       100%        3
 Hailstorm                Conj/Ice       0%         3d3       100%        3
 Ignite Poison            Fire/Tmut/Pois 0%         N/A       100%        3
 Kindle Blastsparks       Fire/Tloc/Air  2%         2d10      100%        3
 Mephitic Cloud           Conj/Pois/Air  0%         N/A       100%        3
 Summon Guardian Golem    Hex/Summ       0%         N/A       100%        3
 Swiftness                Air            0%         N/A       100%        3
 Vampiric Draining        Necr           0%         2d6       100%        3
 Vhi's Electric Charge    Tloc/Air       2%         N/A       100%        3
 Olgreb's Toxic Radiance  Pois           0%         N/A       100%        4
 Summon Ice Beast         Ice/Summ       0%         N/A       100%        4
 Agony                    Necr           0%         N/A       100%        5
 Alistair's Intoxication  Tmut/Pois      0%         N/A       100%        5
 Arcjolt                  Conj/Air       0%         1d10      100%        5
 Freezing Cloud           Conj/Ice/Air   0%         6-21      100%        5
 Lightning Bolt           Conj/Air       0%         1d11      100%        5
 Summon Mana Viper        Hex/Summ       0%         N/A       100%        5
 Malign Gateway           Summ/Tloc      0%         N/A       100%        7
 Monstrous Menagerie      Summ           0%         N/A       100%        7
 Summon Horrible Things   Summ           0%         N/A       100%        8


Dungeon Overview and Level Annotations

Branches:
Dungeon (10/15)            Temple (0/1) D:6            Lair (4/5) D:8
 Shoals (0/4) Lair:3       Spider (0/4) Lair:2        Slime (0/5) Lair:4
  IceCv (1/1)
    Orc: D:9-12

Altars:
Makhleb
Zin

Shops:
D:1 (*(?   D:7 =   D:8 (


Innate Abilities, Weirdness & Mutations

You have a pair of horns on your head.
You reflexively headbutt those who attack you in melee.


Message History

Your unstable footing causes you to fumble your attack.
Your smoke demon gestures at the reaper.
The sticky flame hits the reaper.
The reaper is covered in liquid flames!
The reaper barely misses you.
Your smoke demon hits the reaper but does no damage.
Your smoke demon barely misses the reaper.
Your smoke demon closely misses the reaper.
Your unstable footing causes you to fumble your attack.
The reaper burns!
The reaper shouts, "I have come for you, Pooter!"
The reaper hits you with a +0 scythe of freezing!!
* * * LOW HITPOINT WARNING * * *
The reaper freezes you.
* * * LOW HITPOINT WARNING * * *
Your smoke demon hits the reaper.
Your smoke demon hits the reaper but does no damage.
Your smoke demon barely misses the reaper.
Unknown command.
You strike the helpless reaper from behind!
You hit the reaper but do no damage.
The reaper burns! x2
The reaper hits you with a +0 scythe of freezing.
* * * LOW HITPOINT WARNING * * *
The reaper freezes you.
* * * LOW HITPOINT WARNING * * *
Your smoke demon completely misses the reaper.
Your smoke demon closely misses the reaper.
Your smoke demon hits the reaper but does no damage.
The reaper hits your smoke demon with a +0 scythe of freezing!!!
The reaper freezes your smoke demon.
Your smoke demon dies!
Your smoke demon disappears in a puff of smoke!
You slice the reaper!!
The reaper burns!
The reaper hits you but does no damage.
You barely miss the reaper.
The reaper burns!
The reaper hits you with a +0 scythe of freezing.
* * * LOW HITPOINT WARNING * * *
The reaper freezes you.
* * * LOW HITPOINT WARNING * * *
The reaper hits you with a +0 scythe of freezing!
* * * LOW HITPOINT WARNING * * *
The reaper freezes you.
* * * LOW HITPOINT WARNING * * *
Your unstable footing causes you to fumble your attack.
The reaper burns! x2; The reaper closely misses you.
Your unstable footing causes you to fumble your attack.
The reaper burns!
The reaper closely misses you.
Your unstable footing causes you to fumble your attack.
The reaper burns!
The reaper stops burning.
The reaper hits you with a +0 scythe of freezing!!
You die...

##### #.[.# #########
#...#########...##Z2Z
##
#.....#..#...##.3Z##.
#~#####....#..########
#~#~#~~.#####..#
##~~~~#@2Z##..##
####~~#≈~~##...###
##.~~############
#..### ##..## ##..#
#..### ##...## ###..#


You could see a reaper and a naga simulacrum.

Vanquished Creatures
  2 hydras
  A two-headed ogre (D:9)
  4 death yaks (Lair:2)
  Amaemon (D:9)
  A deep elf pyromancer (D:8)
  A manticore (Lair:3)
  An ice statue (IceCv)
  2 cane toads (Lair:1)
  6 rime drakes
  A freezing wraith (IceCv)
  3 komodo dragons
  An anaconda simulacrum (IceCv)
  A troll (D:10)
  A polar bear (Lair:3)
  4 blink frogs (Lair:2)
  Sigmund (D:2)
  2 jumping spiders (Lair:2)
  Eustachio (D:4)
  A wyvern (Lair:4)
  8 yaks
  2 steam dragons
  Grum (D:8)
  Menkaure (D:4)
  2 acid dragons
  12 water moccasins
  An ice beast (D:7)
  A swamp drake (Lair:1)
  7 black bears
  An ogre (D:4)
  12 wolves
  A kobold brigand (D:7)
  A phantom (D:6)
  7 bullfrogs
  4 gnoll sergeants
  2 scorpions
  4 two-headed ogre simulacra (IceCv)
  8 wights
  2 killer bees (D:9)
  An electric eel (Lair:1)
  7 hounds
  5 jellies
  An orc priest (D:4)
  Crazy Yiuf (D:2)
  4 orc wizards
  Ijyb (D:4)
  Terence (D:2)
  3 iguanas
  6 spriggan simulacra (IceCv)
  3 hell rats (Lair:1)
  3 polar bear simulacra (IceCv)
  Robin (D:4)
  20 gnolls
  21 adders
  A naga simulacrum (IceCv)
  A shadow imp (D:7)
  2 white imps
  An ufetubus (D:4)
  A worm (D:3)
  3 dart slugs
  23 orcs
  6 bats
  3 endoplasms
  2 giant cockroaches
  14 goblins
  11 hobgoblins
  6 jackals
  3 quokkas
  9 ball pythons
  2 frilled lizards (D:2)
  7 kobolds
  9 rats
294 creatures vanquished.

Vanquished Creatures (collateral kills)
  A catoblepas (Lair:2)
  A two-headed ogre (D:8)
  An orange demon (D:9)
  A polar bear (Lair:4)
  A wind drake (Lair:3)
  A hornet (D:7)
  A wyvern (D:10)
  2 yaks
  A redback (Lair:2)
  An acid dragon (D:10)
  6 water moccasins
  A sky beast (D:8)
  2 orc warriors
  6 wolves
  4 bullfrogs
  3 gnoll sergeants (D:9)
  A two-headed ogre simulacrum (IceCv)
  5 wights
  A killer bee (D:9)
  3 gnoll boudas (D:9)
  2 hounds (D:9)
  3 orc wizards
  3 hell rats (Lair:1)
  An adder (Lair:1)
  13 gnolls
  An ufetubus (IceCv)
  7 orcs
  3 jackals (D:9)
  2 kobolds (D:8)
78 creatures vanquished.

Vanquished Creatures (others)
  10 fungi
  10 plants
20 creatures vanquished.

Grand Total: 392 creatures vanquished

Notes
Turn   | Place    | Note
-------+----------+-------------------------------------------
     0 | D:1      | Pooter the Minotaur Monk began the quest for the Orb.
     0 | D:1      | Reached XP level 1. HP: 19/19 MP: 0/0
    16 | D:1      | Found Ankastra's Antique Weapon Boutique.
   157 | D:1      | Reached XP level 2. HP: 23/27 MP: 1/1
   549 | D:1      | Found Loykkuawimn's Magic Scroll Boutique.
   553 | D:1      | Bought a scroll of identify for 24 gold pieces
   556 | D:1      | Found Leeraucsa's Weapon Emporium.
   617 | D:1      | Bought a scroll of identify for 24 gold pieces
   678 | D:1      | Found Zenyomez's General Store.
   746 | D:2      | Found a glowing silver altar of Zin.
   755 | D:2      | Reached XP level 3. HP: 31/33 MP: 2/2
   942 | D:1      | Bought a scroll of identify for 20 gold pieces
  1019 | D:2      | Noticed Sigmund
  1056 | D:2      | Noticed Terence
  1076 | D:2      | Killed Terence
  1446 | D:2      | Found a runed translucent door.
  1447 | D:2      | Noticed Crazy Yiuf
  1609 | D:2      | Reached XP level 4. HP: 41/41 MP: 3/3
  1765 | D:2      | Reached skill level 5 in Axes
  1882 | D:3      | Reached skill level 1 in Maces & Flails
  2001 | D:3      | Reached XP level 5. HP: 47/47 MP: 4/4
  2033 | D:3      | Reached skill level 2 in Maces & Flails
  2188 | D:3      | Found a faded altar of an unknown god.
  2577 | D:4      | Noticed Eustachio
  2587 | D:4      | Killed Eustachio
  2588 | D:4      | Reached skill level 5 in Fighting
  2588 | D:4      | Reached skill level 3 in Maces & Flails
  2588 | D:4      | Reached XP level 6. HP: 55/56 MP: 5/5
  2649 | D:4      | Reached skill level 4 in Maces & Flails
  2656 | D:4      | Noticed Menkaure
  2663 | D:4      | Killed Menkaure
  2740 | D:4      | Reached XP level 7. HP: 54/62 MP: 6/6
  2827 | D:4      | Reached skill level 5 in Maces & Flails
  2878 | D:4      | Found a burning altar of Makhleb.
  2920 | D:4      | Became a worshipper of Makhleb the Destroyer
  2920 | D:4      | Reached * piety under Makhleb
  2920 | D:4      | Reached ** piety under Makhleb
  2939 | D:4      | Noticed Ijyb
  2947 | D:4      | Killed Ijyb
  3074 | D:4      | Noticed Robin
  3075 | D:4      | Reached skill level 6 in Maces & Flails
  3094 | D:4      | Killed Robin
  3422 | D:4      | Upgraded the game from 0.30-a0-793-g160f7cfddd to
                  | 0.30-a0-799-g109b55a442
  3456 | D:5      | Entered Level 5 of the Dungeon
  3590 | D:1      | Bought a scroll of poison for 40 gold pieces
  3590 | D:1      | Bought 3 scrolls of identify for 60 gold pieces
  3590 | D:1      | Bought a potion of curing for 30 gold pieces
  3749 | D:5      | Reached skill level 1 in Ranged Weapons
  3749 | D:5      | Reached skill level 1 in Invocations
  3902 | D:5      | Reached XP level 8. HP: 59/71 MP: 6/8
  4943 | D:6      | Reached *** piety under Makhleb
  5037 | D:6      | Reached skill level 7 in Maces & Flails
  5037 | D:6      | Reached skill level 1 in Evocations
  5087 | D:6      | Identified a scroll of acquirement
  5088 | D:6      | Acquired the +3 great mace "Suastrache" {elec, rN+}
  5287 | D:1      | Bought a scroll of blinking for 75 gold pieces
  5488 | D:6      | Found a staircase to the Ecumenical Temple.
  5701 | D:6      | You fall into a shaft and drop 2 floors!
  5717 | D:8      | Noticed Grum
  5925 | D:7      | Found Penoriff's Jewellery Shop.
  6584 | D:7      | Reached XP level 9. HP: 77/79 MP: 11/11
  6587 | D:7      | Reached skill level 8 in Maces & Flails
  7331 | D:8      | Killed Grum
  7337 | D:8      | Reached skill level 5 in Invocations
  7417 | D:8      | Found a staircase to the Lair.
  7708 | D:8      | Reached skill level 9 in Maces & Flails
  7709 | D:8      | Found Firimy's Antique Weapon Shop.
  7717 | D:8      | Bought an arbalest for 121 gold pieces
  7831 | D:8      | Noticed a two-headed ogre
  7842 | D:8      | Killed a two-headed ogre
  7843 | D:8      | Reached skill level 1 in Armour
  7948 | D:8      | Reached skill level 5 in Ranged Weapons
  7957 | D:8      | Reached XP level 10. HP: 81/88 MP: 13/13
  8033 | D:8      | Noticed a deep elf pyromancer
  8037 | D:8      | Killed a deep elf pyromancer
  8439 | D:9      | Acquired the amulet of Roenu {rN+ Will+ Regen+ MP+9}
  8759 | D:1      | Bought a potion of attraction for 30 gold pieces
  8782 | D:1      | Bought a scroll of blinking for 90 gold pieces
  8973 | D:9      | Noticed a two-headed ogre
  8974 | D:9      | Noticed Amaemon
  8976 | D:9      | Reached skill level 10 in Maces & Flails
  8978 | D:9      | Noticed an orange demon
  8983 | D:10     | Entered Level 10 of the Dungeon
  9085 | D:9      | Killed an orange demon
  9088 | D:9      | Killed Amaemon
  9678 | D:9      | Killed a two-headed ogre
 10072 | D:2      | Killed Sigmund
 10233 | D:2      | Killed Crazy Yiuf
 10781 | D:10     | Reached skill level 11 in Maces & Flails
 10781 | D:10     | Reached XP level 11. HP: 91/97 MP: 14/14
 11144 | Lair:1   | Entered Level 1 of the Lair of Beasts
 11566 | Lair:1   | Reached skill level 5 in Evocations
 11586 | Lair:1   | Reached skill level 5 in Armour
 11885 | Lair:1   | Reached skill level 12 in Maces & Flails
 12653 | Lair:2   | Learned a level 1 spell: Apportation
 12733 | Lair:2   | Found a hole to the Spider Nest.
 12756 | Lair:2   | Reached XP level 12. HP: 106/106 MP: 16/16
 12771 | Lair:2   | Reached skill level 10 in Fighting
 12915 | Lair:2   | Noticed a death yak
 12918 | Lair:2   | Noticed a death yak
 12922 | Lair:2   | Noticed a death yak
 12925 | Lair:2   | Noticed a death yak
 12942 | Lair:2   | Killed a death yak
 12947 | Lair:2   | Killed a death yak
 12948 | Lair:2   | Reached skill level 1 in Translocations
 12950 | Lair:2   | Killed a death yak
 12952 | Lair:2   | Killed a death yak
 12978 | Lair:2   | Noticed a catoblepas
 12987 | Lair:2   | Killed a catoblepas
 13465 | Lair:3   | Noticed a seven-headed hydra
 13473 | Lair:3   | Killed a seven-headed hydra
 13514 | Lair:3   | Found a staircase to the Shoals.
 13534 | Lair:3   | Reached skill level 13 in Maces & Flails
 13708 | Lair:3   | Reached skill level 10 in Ranged Weapons
 13987 | Lair:4   | Found a staircase to the Slime Pits.
 13996 | Lair:4   | Noticed a four-headed hydra
 14008 | Lair:4   | Killed a four-headed hydra
 14110 | Lair:4   | Acquired the ring of the Tempest {Str+2 Slay+4}
 14113 | Lair:4   | Acquired the +10 executioner's axe of the Dead {freeze,
                  | +Blink rElec rN+ Will-}
 14150 | Lair:4   | Found a frozen archway.
 14165 | IceCv    | Entered an ice cave
 14249 | IceCv    | Reached **** piety under Makhleb
 14428 | IceCv    | Noticed a reaper
 14468 | IceCv    | HP: 4/108 [reaper/+0 scythe of freezing (12)]
 14471 | IceCv    | Annihilated by a reaper

Illustrated notes

Levels and vault maps discovered:
D:1:      minmay_arrival_diagonal_passages, layout_basic, serial_shops, shop,
          shop, shop_statue, nicolae_lakefront_shop
D:2:      layout_loops_cross, basic_altar, uniq_sigmund,
          uniq_crazy_yiuf_cottage, uniq_terence
D:3:      layout_basic, shapermc_ecumenical_altar_gd
D:4:      layout_basic, mainiacjoe_overflow_concentric_impassable,
          uniq_menkaure, uniq_ijyb, uniq_robin, uniq_eustachio
D:5:      layout_cave_pools, nicolae_kite_square_tiling_tiny
D:6:      layout_loops_cross, minmay_temple_entry_overgrown,
          chequers_serial_rivers_small_b
D:7:      layout_basic, serial_shops, nicolae_stop_n_shop_2, minmay_crystal_room
D:8:      layout_loops_cross, lair_entry_dummy, enter_bailey_2, serial_shops,
          nicolae_shop_hallway_plus, guppyfry_early_elven_hall, uniq_grum
D:9:      layout_cave_pools, serial_gnoll_camp, gnoll_camp_medium_02,
          grums_kennel, gnoll_camp_mini_hut, gnoll_camp_huts_basic,
          gnoll_camp_mini_hut, gnoll_camp_mini_hut, uniq_amaemon
D:10:     layout_roguey
Lair:1:   lemuel_reptile_caves, layout_regular_city
Lair:2:   layout_long_grid, spider_nest_entry_a, serial_bayou_shore_b,
          serial_bayou_shore_b
Lair:3:   layout_roguey, minmay_shoals_entry_beasts, grunt_forest_stairs_basic
Lair:4:   layout_roguey, nicolae_slime_entry_field_trip,
          nicolae_volcano_entry_batcave, gammafunk_ghost_hive,
          portal_ice_cave_rime, uniq_rupert
IceCv:    ice_cave_caverns_03

Skill      XL: |  1  2  3  4  5  6  7  8  9 10 11 12 |
---------------+-------------------------------------+-----
Axes           | 4 5 |  5.7
Stealth        | 2 3 4 |  4.3
Fighting       | 4 5 6 7 8 9 10 | 10.6
Maces & Flails | 1 3 4 6 7 9 11 12 13 | 13.4
Ranged Weapons | 1 3 5 7 9 10 | 10.4
Invocations    | 1 4 5 6 7 8 |  8.1
Evocations     | 2 3 4 5 6 |  6.2
Armour         | 1 4 5 7 |  7.0
Translocations | 2 |  2.2
Dodging        | |  3.2

Action                     |  1- 3 |  4- 6 |  7- 9 | 10-12 || total
---------------------------+-------+-------+-------+-------++-------
  Melee: Hand axe          |    98 |    14 |       |       ||   112
         Headbutt          |    17 |     9 |    35 |    59 ||   120
         Punch             |     1 |       |     3 |       ||     4
         Flail             |       |    51 |   140 |       ||   191
         Great mace        |       |       |    60 |   230 ||   290
         Demon whip        |       |       |       |    67 ||    67
         Halberd           |       |       |       |     9 ||     9
         Executioner's axe |       |       |       |    36 ||    36
         Battleaxe         |       |       |       |     5 ||     5
   Fire: Sling             |       |       |    24 |       ||    24
         Arbalest          |       |       |     2 |    78 ||    80
  Throw: Dart              |       |     2 |     2 |     2 ||     6
         Stone             |       |     2 |     3 |       ||     5
 Invoke: Minor Destruction |       |       |     3 |       ||     3
         Lesser Servant of |       |       |     8 |    42 ||    50
  Evoke: Wand              |       |     2 |     4 |     2 ||     8
    Use: Scroll            |     3 |     1 |     9 |    16 ||    29
         Potion            |     1 |       |       |     4 ||     5
   Stab: Sleeping          |     1 |       |       |       ||     1
         Distracted        |     1 |       |       |     6 ||     7
 Armour: Robe              |    21 |       |       |       ||    21
         Chain mail        |    12 |    47 |    81 |       ||   140
         Plate armour      |       |       |   109 |   305 ||   414
  Dodge: Dodged            |    51 |    44 |    82 |   146 ||   323

Table legend: (Time is in decaauts)
 A = Elapsed time spent in this place.
 B = Non-inter-level travel time spent in this place.
 C = Inter-level travel time spent in this place.
 D = Time resting spent in this place.
 E = Time spent auto-exploring this place.
 F = Levels seen in this place.
 G = Mean time per level.
                   A        B        C        D        E       F      G
               +--------+--------+--------+--------+--------+-----+--------+
         Total |  14638 |  12861 |   1777 |   1943 |   7562 |  15 |  975.9 |
       Dungeon |  11266 |   9513 |   1753 |   1760 |   5299 |  10 | 1126.6 |
          Lair |   3046 |   3023 |     23 |    102 |   2162 |   4 |  761.5 |
      Ice Cave |    325 |    325 |      0 |     81 |     99 |   1 |  325.0 |
               +--------+--------+--------+--------+--------+-----+--------+

Top non-repeatable levels by time:
     D:6: 1593 daAuts
     D:9: 1359 daAuts
     D:7: 1349 daAuts
     D:2: 1302 daAuts
     D:4: 1257 daAuts
  Lair:1: 1181 daAuts
  Lair:2: 1124 daAuts
     D:8: 1116 daAuts
     D:1: 1025 daAuts
     D:3: 805 daAuts
     D:5: 754 daAuts
    D:10: 700 daAuts
  Lair:3: 510 daAuts
   IceCv: 325 daAuts
  Lair:4: 229 daAuts
